 Dungeon Crawl Stone Soup version 0.18.1-48-g4cf74bf (webtiles) character file.

47 Implojin the Ruffian (level 3, -5/31 HPs)
             Began as a Minotaur Fighter on July 22, 2016.
             Slain by Edmund
             ... wielding a +1 flail of crushing
              (7 damage)
             ... on level 4 of the Dungeon.
             The game lasted 00:01:05 (153 turns).

Implojin the Ruffian (Minotaur Fighter)              Turns: 153, Time: 00:01:06

Health: -5/31      AC:  6    Str: 25    XL:     3   Next: 48%
Magic:  2/2        EV:  7    Int:  5    God:
Gold:   0          SH:  9    Dex: 10    Spells: 0 memorised, 2 levels left

rFire  . . .     SeeInvis .       - Unarmed
rCold  . . .     Gourm    .     a - +0 scale mail
rNeg   . . .     Faith    .     b - +0 shield
rPois  .         Spirit   .     (helmet restricted)
rElec  .         Dismiss  .     (no cloak)
rCorr  .         Reflect  .     (no gloves)
SustAt .         Harm     .     (no boots)
MR     .....                    (no amulet)
Stlth  ..........               (no ring)
                                (no ring)

@: mighty, not resistant to hostile enchantments, extremely unstealthy
A: retaliatory headbutt, horns 2
a: no special abilities


You were on level 4 of the Dungeon.
You were not hungry.

You visited 1 branch of the dungeon, and saw 4 of its levels.

Inventory:

Armour
 a - a +0 scale mail (worn)
 b - a +0 shield (worn)
Scrolls
 e - a scroll of identify {unknown}
 i - a scroll of recharging {unknown}
Potions
 f - 2 potions of mutation {unknown}
 h - a potion of flight {unknown}
Comestibles
 d - a bread ration
 g - 2 chunks of flesh


   Skills:
 - Level 3.6 Fighting
 - Level 3.6 Armour
 - Level 3.6 Shields
 * Level 4.3 Unarmed Combat


You had 2 spell levels left.
You didn't know any spells.

Dungeon Overview and Level Annotations

Branches:
Dungeon (4/15)
 Temple: D:4-7

Altars:
Elyvilon

Annotations:
D:4 Edmund


Innate Abilities, Weirdness & Mutations

You reflexively headbutt those who attack you in melee.
You have a pair of horns on your head.


Message History

i - a scroll labeled GAPHEA ACORGHAC A dart slug comes into view.
Found a stone staircase leading down.
The dart slug launches a dart at you. The slug dart misses you.
You hit the dart slug.
The dart slug is heavily wounded.
You hit the dart slug. You headbutt the dart slug.
You kill the dart slug!
You see here a dart slug corpse.
There is a stone staircase leading down here.
You aren't carrying any pieces of jewellery.
You climb downwards.
There is a stone staircase leading up here.
Unknown command.
Unknown command.
Found a stone staircase leading down.
Edmund the Younger comes into view.
He is wielding a flail of crushing.
Edmund shouts!
Sorry, you're not good enough to have a special ability.
Unknown command.
Drink which item? (? for menu, Esc to quit)
You feel very mighty all of a sudden.
Unknown command.
Unknown command.
You barely miss Edmund. You headbutt Edmund!
Edmund is lightly wounded.
Edmund hits you with a flail of crushing.
* * * LOW HITPOINT WARNING * * *
* * * LOW HITPOINT WARNING * * *
You hit Edmund.
Edmund is moderately wounded.
Edmund says, "People accused me of being a cutpurse!"
You block Edmund's attack.
Your shield prevents you from hitting Edmund.
Edmund is moderately wounded.
You punch Edmund!
Edmund is heavily wounded.
Edmund hits you with a flail of crushing!
You die...

#..# #..#
#..#
#.#####+#..#
..>........#
...........#
...@.......#
#######+#@.#
#.#@.#
#.#..#
#.#..#
#.#..#
#.#..#
#.#..#
#.#..#
#.##.#
#...<#


You could see Edmund.

Vanquished Creatures
  A giant frog skeleton (D:3)
  A worm (D:3)
  2 dart slugs
  2 goblins
  A hobgoblin (D:1)
  A jackal (D:1)
  3 kobolds (D:1)
11 creatures vanquished.

Vanquished Creatures (others)
  A giant newt (D:3)
1 creature vanquished.

Grand Total: 12 creatures vanquished

Notes
Turn   | Place    | Note
--------------------------------------------------------------
     0 | D:1      | Implojin the Minotaur Fighter began the quest for the Orb.
     0 | D:1      | Reached XP level 1. HP: 19/19 MP: 0/0
    28 | D:1      | Reached skill level 3 in Unarmed Combat
    29 | D:1      | Reached XP level 2. HP: 22/26 MP: 1/1
    59 | D:3      | Found a white marble altar of Elyvilon.
    75 | D:3      | Reached skill level 4 in Unarmed Combat
    75 | D:3      | Reached XP level 3. HP: 9/31 MP: 2/2
    82 | D:3      | HP: 1/31 [worm (5)]
   140 | D:4      | Noticed Edmund
   153 | D:4      | Slain by Edmund

Skill      XL: |  1  2 |
---------------+-------+-----
Unarmed Combat | 3 4 |  4.3
Fighting       | |  3.6
Armour         | |  3.6
Shields        | |  3.6

Action                   || total
-------------------------++-------
Melee: Unarmed           ||    39
       Headbutt          ||     8
  Use: Potion            ||     1
Armor: Scale mail        ||     7
Dodge: Dodged            ||     8
Block: Shield            ||    12

Table legend:
 A = Turns spent in this place as a percentage of turns spent in the entire game.
 B = Non-inter-level travel turns spent in this place as a percentage of non-inter-level travel turns spent in the entire game.
 C = Inter-level travel turns spent in this place as a percentage of turns spent in this place.
 D = Turns resting spent in this place as a percentage of non-inter-level travel turns spent in this place.
 E = Turns spent auto-exploring this place as a percentage of non-inter-level travel turns spent in this place.
 F = Non-inter-level travel turns spent in this place divided by the number of levels of this place that you've seen.
                   A       B       C       D       E      F
               +-------+-------+-------+-------+-------+----------------------
         Total | 100.0 | 100.0 |   0.0 |   0.0 |   0.0 |  41.8
       Dungeon | 100.0 | 100.0 |   0.0 |   0.0 |   0.0 |  41.8
               +-------+-------+-------+-------+-------+----------------------

Table legend:
 A = Kills in this place as a percentage of kills in entire the game.
 B = Kills by you in this place as a percentage of kills by you in the entire game.
 C = Kills by friends in this place as a percentage of kills by friends in the entire game.
 D = Other kills in this place as a percentage of other kills in the entire game.
 E = Experience gained in this place as a percentage of experience gained in the entire game.
 F = Experience gained in this place divided by the number of levels of this place that you have seen.
                   A       B       C       D       E      F
               +-------+-------+-------+-------+-------+----------------------
         Total | 100.0 | 100.0 |  -nan |  -nan | 100.0 |  17.0
       Dungeon | 100.0 | 100.0 |  -nan |  -nan | 100.0 |  17.0
               +-------+-------+-------+-------+-------+----------------------
